 Dungeon Crawl Stone Soup version 0.17.1-2-g5865329 (webtiles) character file.

51 ololoev the Covered (level 3, 0/29 HPs)
             Began as a Demonspawn Fighter on Feb 12, 2016.
             Slain by a goblin (3 damage)
             ... on level 2 of the Dungeon.
             The game lasted 00:02:56 (503 turns).

ololoev the Covered (Demonspawn Fighter)             Turns: 503, Time: 00:02:56

Health: 0/29       AC:  6    Str: 22    XL:     3   Next: 58%
Magic:  3/3        EV:  7    Int:  9    God:
Gold:   80         SH:  9    Dex: 12    Spells: 0 memorised, 2 levels left

rFire  . . .     SeeInvis .     a - +0 war axe
rCold  . . .     Clarity  .     b - +0 scale mail
rNeg   . . .     SustAt   .     c - +0 shield
rPois  .         Gourm    .     (no helmet)
rElec  .         Spirit   .     (no cloak)
rCorr  .         Warding  .     (no gloves)
rMut   .         Stasis   .     (no boots)
MR     .....                    (no amulet)
Stlth  ..........               (no ring)
                                (no ring)

@: mighty, not resistant to hostile enchantments, extremely unstealthy
A: demonic guardian 1
a: no special abilities


Innate Abilities, Weirdness & Mutations

A weak demonic guardian rushes to your aid.

Inventory:

Hand Weapons
 a - a +0 war axe (weapon)
Armour
 b - a +0 scale mail (worn)
 c - a +0 shield (worn)
Scrolls
 g - 2 scrolls of identify {unknown}
 h - 2 scrolls of enchant armour {unknown}
 i - a scroll of enchant weapon {unknown}
 j - a scroll of teleportation {unknown}
 l - a scroll of magic mapping {unknown}
 n - 2 scrolls of remove curse {unknown}
Potions
 k - 2 potions of curing {unknown}
 m - a potion of degeneration {unknown}
Comestibles
 e - 2 bread rations
 f - 2 meat rations


   Skills:
 - Level 3.0 Fighting
 * Level 3.0 Axes
 + Level 3.3 Armour
 - Level 2.6 Shields


You had 2 spell levels left.
You didn't know any spells.


You were on level 2 of the Dungeon.
You were not hungry.

You visited 1 branch of the dungeon, and saw 3 of its levels.

You collected 80 gold pieces.

<....####.##..#
.###># #.##.†# .#
.# #.# #.##..# .# #
## #(# #.##..#
#.#.# #.#
#.##..#...#.###
#.####.##..#.#.....
.............#...#
#........†.###g..#
#.####.......@)..#
...............#
################

Notes
Turn   | Place    | Note
--------------------------------------------------------------
     0 | D:1      | ololoev the Demonspawn Fighter began the quest for the Orb.
     0 | D:1      | Reached XP level 1. HP: 18/18 MP: 1/1
   302 | D:1      | Gained mutation: A weak demonic guardian rushes to your aid. [demonic ancestry]
   302 | D:1      | Reached XP level 2. HP: 24/24 MP: 2/2
   386 | D:2      | Found a blossoming altar of Fedhas.
   489 | D:2      | Reached XP level 3. HP: 14/29 MP: 3/3
   503 | D:2      | Slain by a goblin

Dungeon Overview and Level Annotations

Branches:
Dungeon (3/15)

Altars:
Fedhas


Message History

Your experience leads to an increase in your attributes!
Your base attributes are Str 16, Int 9, Dex 12.
Increase (S)trength, (I)ntelligence, or (D)exterity?
You feel stronger.
You see here a gnoll corpse.
A gnoll comes into view. It is wielding a spear.
A gnoll comes into view.
The gnoll shouts!
You block the gnoll's attack.
Your shield and scale mail prevent you from hitting the gnoll.
The gnoll hits you but does no damage. The gnoll hits you with a spear.
You hit the gnoll.
The gnoll is moderately wounded.
You hit the gnoll.
The gnoll is heavily wounded.
The gnoll hits you but does no damage. The gnoll hits you with a spear!
The gnoll barely misses you.
A goblin comes into view.
Your scale mail prevents you from hitting the gnoll.
The gnoll is moderately wounded.
The goblin shouts!
You slash the gnoll!
You kill the gnoll!
The gnoll hits you.
Your ufetubus hits the gnoll.
Your ufetubus barely misses the gnoll.
You hit the gnoll.
The gnoll is almost dead.
Your ufetubus hits the gnoll.
Your ufetubus hits the gnoll but does no damage.
The gnoll misses your ufetubus.
Your ufetubus hits the gnoll.
The gnoll dies!
Your Axes skill increases to level 3!
You barely miss the goblin.
Your ufetubus disappears in a puff of smoke!
You block the goblin's attack.
Your shield prevents you from hitting the goblin.
The goblin hits you but does no damage. x2
You closely miss the goblin. You block the goblin's attack.
You barely miss the goblin. The goblin hits you.
You die...

You could see a goblin.

Vanquished Creatures
  2 gnolls (D:2)
  An ooze (D:1)
  A worm (D:2)
  A giant gecko (D:2)
  A giant cockroach (D:1)
  5 hobgoblins
  2 bats (D:1)
  4 kobolds (D:1)
  3 rats
20 creatures vanquished.

Vanquished Creatures (collateral kills)
  A gnoll (D:2)
1 creature vanquished.

Grand Total: 21 creatures vanquished

Action                   || total
-------------------------++-------
Melee: War axe           ||    76
  Use: Potion            ||     1

Vault maps used:
D:1:      tarquinn_simple_flora_water_a, grunt_decor_resistance,
          grunt_decor_mini_mirrors
D:2:      minitemple, first_bread, ecumenical_altar_1, grunt_ministairs_1,
          fedhas_altar_2
